 Dungeon Crawl Stone Soup version 0.25-a0-591-g2ad0d86 (webtiles) character file.

Game seed: 17798943653461195377, levelgen mode: deterministic

108 MrTaco21 the Cudgeler (level 4, 0/28 HPs)
             Began as a Gargoyle Fighter on Mar 14, 2020.
             Slain by a rat (1 damage)
             ... on level 3 of the Dungeon.
             The game lasted 00:02:32 (2636 turns).

MrTaco21 the Cudgeler (Gargoyle Fighter)            Turns: 2636, Time: 00:02:33

Health: 0/28       AC: 10    Str: 21    XL:     4   Next: 87%
Magic:  4/4        EV:  7    Int:  8    God:
Gold:   131        SH:  9    Dex:  9    Spells: 3/3 levels left

rFire    . . .     SeeInvis .   a - +0 flail
rCold    . . .     Gourm    .   c - +0 kite shield
rNeg     + . .     Faith    .   b - +0 scale mail
rPois    ∞         Spirit   .   (no helmet)
rElec    +         Reflect  .   (no cloak)
rCorr    .         Harm     .   (no gloves)
MR       .....                  (no boots)
Stlth    ..........             (no amulet)
HPRegen  0.09/turn              (no ring)
MPRegen  0.09/turn              (no ring)

@: no status effects
A: negative energy resistance 1, electricity resistance, unbreathing,
petrification resistance, rot immunity, AC +3
a: no special abilities


You were on level 3 of the Dungeon.
You were not hungry.

You visited 1 branch of the dungeon, and saw 3 of its levels.

You collected 131 gold pieces.

Inventory:

Hand Weapons
 a - a +0 flail (weapon)
Armour
 b - a +0 scale mail (worn)
 c - a +0 kite shield (worn)
 l - a scarf of repulsion
   (You found it on level 3 of the Dungeon)
Scrolls
 f - 2 scrolls of noise {unknown}
 g - 3 scrolls of identify {unknown}
 h - a scroll of magic mapping {unknown}
 m - 2 scrolls of remove curse {unknown}
 n - a scroll of fog {unknown}
Potions
 d - a potion of might
 i - 2 potions of berserk rage {unknown}
 j - a potion of brilliance {unknown}
 k - 2 potions of curing {unknown}
Comestibles
 e - 5 rations {!d}


   Skills:
 - Level 3.2 Fighting
 + Level 4.9 Maces & Flails
 - Level 3.2 Armour
 - Level 3.2 Shields


You had 3 spell levels left.
You didn't know any spells.
Your spell library was empty.

Dungeon Overview and Level Annotations

Branches:
Dungeon (3/15)

Altars:
Ashenzari
Elyvilon
Okawaru
Trog
Yredelemnul


Innate Abilities, Weirdness & Mutations

You are resistant to torment.
Your stone body is resilient. (AC +3)
You are immune to poison.
You resist negative energy. (rN+)
You are resistant to electric shocks. (rElec)
You can survive without breathing.
You are immune to petrification.
You are immune to rotting.


Message History

You kill the kobold!
No target in view!
No target in view!
No target in view!
No target in view!
No target in view!
No target in view!
No target in view!
No target in view!
No target in view!
No target in view!
No target in view!
No target in view!
You butcher the frilled lizard corpse.
o - a chunk of flesh You see here a frilled lizard skeleton. x2
Eating a chunk of flesh.
You eat the chunk of flesh.
g - 3 scrolls labeled DAINUPU TIEVAS (gained 1)
The moth of wrath's fur bristles in rage as it notices you. 2 rats and 2 worms come into view.
Found a bloodstained altar of Trog.
There are monsters nearby!
There are monsters nearby!
A rat comes into view.
Found a glowing spear, a dagger, a glowing dagger and a rapier.
The moth of wrath goads the rat on!
The rat goes berserk!
The moth of wrath goads the rat on!
The rat goes berserk!
You block the rat's attack.
You completely miss the rat. The rat barely misses you.
You block the rat's attack.
Your shield and scale mail prevent you from hitting the rat.
The rat closely misses you. You block the rat's attack.
The moth of wrath goads the worm on!
The worm goes berserk!
The rat bites you.
You sock the rat!
You kill the rat!
The rat bites you but does no damage. x2
You sock the rat!
You kill the rat!
You sock the worm! The worm bites you.
Your shield and scale mail prevent you from hitting the worm.
The worm bites you but does no damage.
The moth of wrath goads the rat on!
The rat goes berserk!
The worm bites you but does no damage.
You sock the worm! The worm bites you!
You hit the worm. The worm bites you!
* * * LOW HITPOINT WARNING * * *
You hit the worm. The worm bites you!
* * * LOW HITPOINT WARNING * * *
You block the rat's attack.
You hit the worm. The rat bites you.
You die...

#.......#
#.####.......#
###.##### #.# #.......#
#.# #+# #.......## #.#
####.####. #.####
###### #.>...< #.##.##
##....### ###.##.
######.#...###...w...##
####...##
.........<..#...rw...)#
+.......#
######.....##...@#...)#
####...#.
#.##..##...###....#
##.##.
#.###......#y#._..#
####. #.#
####...###....# ..##.
#.. #....#...)## #.##.
#.#
#........)#######.##.
#.#
##.......##........#.
##....###......#..#.
#########..##.#..#.


You could see a moth of wrath, 2 worms and a rat (berserk).

Vanquished Creatures
  5 adders
  An ooze (D:2)
  2 worms (D:2)
  2 leopard geckos (D:1)
  An orc (D:3)
  8 bats
  4 giant cockroaches
  3 goblins
  9 hobgoblins
  8 kobolds
  4 frilled lizards
  6 rats
53 creatures vanquished.

Notes
Turn   | Place    | Note
-------+----------+-------------------------------------------
     0 | D:1      | MrTaco21 the Gargoyle Fighter began the quest for the Orb.
     0 | D:1      | Reached XP level 1. HP: 14/14 MP: 1/1
   190 | D:1      | Reached XP level 2. HP: 16/19 MP: 2/2
   511 | D:1      | Reached skill level 3 in Maces & Flails
  1074 | D:2      | Reached XP level 3. HP: 23/23 MP: 3/3
  1291 | D:2      | Found an iron altar of Okawaru.
  1359 | D:2      | Reached skill level 4 in Maces & Flails
  1431 | D:2      | Reached XP level 4. HP: 28/28 MP: 4/4
  2072 | D:3      | Found a shattered altar of Ashenzari.
  2364 | D:3      | Found a basalt altar of Yredelemnul.
  2480 | D:3      | Found a white marble altar of Elyvilon.
  2620 | D:3      | Noticed a moth of wrath
  2623 | D:3      | Found a bloodstained altar of Trog.
  2635 | D:3      | HP: 1/28 [worm (9)]
  2636 | D:3      | Slain by a rat

Levels and vault maps discovered:
D:1:      roderic_crop_circles_arrival_small, layout_basic
D:2:      layout_basic, nicolae_overflow_hidden_temple
D:3:      layout_loops_corners, kennysheep_ying_yang, evilmike_ruin_ashenzari,
          dk_vineyard_2, tgw_trog, uniq_crazy_yiuf_cottage

Skill      XL: |  1  2  3 |
---------------+----------+-----
Maces & Flails | 3 4 |  4.9
Fighting       | |  3.2
Armour         | |  3.2
Shields        | |  3.2

Action                   |  1- 3 |  4- 6 || total
-------------------------+-------+-------++-------
Melee: Flail             |    98 |   116 ||   214
  Eat: Chunk             |     2 |     4 ||     6
Armor: Scale mail        |    44 |    69 ||   113
Dodge: Dodged            |    29 |    36 ||    65
Block: Kite shield       |    50 |    56 ||   106

Table legend:
 A = Non-vault XP
 B = Vault XP
 C = Vault XP percentage of total XP
 D = Non-vault monster count
 E = Vault monster count
 F = Vault count percentage of total count
                 A         B        C        D         E       F
            +---------+---------+-------+---------+---------+-------
      Total |     153 |       2 |   1.3 |      51 |       2 |   3.8
            +---------+---------+-------+---------+---------+-------
        D:1 |      22 |       0 |   0.0 |      13 |       0 |   0.0
        D:2 |      92 |       0 |   0.0 |      20 |       0 |   0.0
        D:3 |      39 |       2 |   4.9 |      18 |       2 |  10.0
            +---------+---------+-------+---------+---------+-------
